 Dungeon Crawl Stone Soup version 0.19-a0-1008-g4c63d25 (webtiles) character file.

259 Implojin the Ruffian (level 5, -1/45 HPs)
             Began as a Minotaur Fighter on July 21, 2016.
             Killed from afar by an orc wizard (4 damage)
             ... with a puff of flame
             ... on level 5 of the Dungeon.
             The game lasted 00:03:27 (408 turns).

Implojin the Ruffian (Minotaur Fighter)              Turns: 408, Time: 00:03:27

Health: -1/45      AC:  5    Str: 21    XL:     5   Next: 95%
Magic:  4/4        EV:  8    Int:  5    God:
Gold:   0          SH: 10    Dex: 10    Spells: 0 memorised, 4 levels left

rFire  . . .     SeeInvis .       - Unarmed
rCold  . . .     Gourm    .     g - +0 ring mail
rNeg   . . .     Faith    .     b - +1 shield
rPois  .         Spirit   .     (helmet restricted)
rElec  .         Dismiss  .     (no cloak)
rCorr  .         Reflect  .     (no gloves)
SustAt .         Harm     .     (no boots)
MR     .....                    (no amulet)
Stlth  ..........               (no ring)
                                (no ring)

@: drained, not resistant to hostile enchantments, extremely unstealthy
A: retaliatory headbutt, horns 2
a: no special abilities


You were on level 5 of the Dungeon.
You were not hungry.

You visited 1 branch of the dungeon, and saw 5 of its levels.

Inventory:

Armour
 a - a +0 scale mail
 b - a +1 shield (worn)
 e - a +0 chain mail
 g - a +0 ring mail (worn)
Jewellery
 k - a +3 ring of intelligence {unknown}
Wands
 h - a wand of random effects (28/48)
Comestibles
 d - a bread ration


   Skills:
 - Level 3.6(3.4) Fighting
 - Level 3.6(3.4) Armour
 - Level 3.6(3.4) Shields
 * Level 6.9(6.7) Unarmed Combat


You had 4 spell levels left.
You didn't know any spells.

Dungeon Overview and Level Annotations

Branches:
Dungeon (5/15)
 Temple: D:4-7

Altars:

Annotations:
D:5 Edmund


Innate Abilities, Weirdness & Mutations

You reflexively headbutt those who attack you in melee.
You have a pair of horns on your head.


Message History

You barely miss the adder. Your headbutt misses the adder.
The adder is lightly wounded.
You block the adder's attack. The adder bites you.
* * * LOW HITPOINT WARNING * * *
You are more poisoned.
The adder poisons you!
Unknown command.
You hit the adder.
The adder is heavily wounded.
You feel sick. You block the adder's attack.
You punch the adder!
You kill the adder!
You feel sick.
The orc wizard casts a cantrip, but nothing happens.
You aren't carrying any potions.
You aren't carrying any spellbooks or scrolls.
Unknown command.
You feel sick.
You feel sick.
You feel sick.
You feel sick.
Found 12 arrows.
The orc wizard gestures wildly while chanting.
The orc wizard seems to speed up.
You feel sick.
The orc wizard casts a cantrip, but nothing happens.
You feel sick.
You see here 12 arrows.
Found 17 gold pieces.
Found a stone staircase leading up.
You feel sick.
You are no longer poisoned.
You aren't carrying any potions.
You aren't carrying any spellbooks or scrolls.
You open the door. You block the orc warrior's attack.
Found 26 stones.
Found a stone staircase leading down.
There is an open door here.
You see here 26 stones.
The orc wizard gestures at you while chanting.
The puff of flame hits you!
You die...

### ........# #..
.........# #.#
........=..# #.#
...........# #@#
...........# #
#.###...........#
..##.##oo.............#
.........>.#........%.##
#.....#....#..........o.
#...###..o............##
#.# #..........)..((# .
#.#'#...........#
#.#.#......######


You could see an orc warrior, an orc wizard and an orc.

Vanquished Creatures
  A centaur (D:5)
  2 orc priests (D:3)
  Jessica (D:2)
  2 orc wizards (D:3)
  An adder (D:5)
  2 worms (D:2)
  A giant gecko (D:2)
  6 orcs (D:3)
  2 bats (D:2)
  A giant cockroach (D:2)
  A hobgoblin (D:3)
  3 kobolds
  A giant newt (D:2)
  3 rats (D:2)
27 creatures vanquished.

Notes
Turn   | Place    | Note
-------+----------+-------------------------------------------
     0 | D:1      | Implojin the Minotaur Fighter began the quest for the Orb.
     0 | D:1      | Reached XP level 1. HP: 19/19 MP: 0/0
    99 | D:2      | Reached skill level 3 in Unarmed Combat
    99 | D:2      | Reached XP level 2. HP: 23/26 MP: 1/1
   141 | D:2      | Noticed Jessica
   162 | D:2      | Killed Jessica
   162 | D:2      | Reached skill level 4 in Unarmed Combat
   162 | D:2      | Reached XP level 3. HP: 7/31 MP: 2/2
   245 | D:3      | Reached XP level 4. HP: 15/39 MP: 3/3
   247 | D:3      | Reached skill level 5 in Unarmed Combat
   300 | D:3      | Reached skill level 6 in Unarmed Combat
   300 | D:3      | Reached XP level 5. HP: 20/45 MP: 4/4
   343 | D:4      | Noticed Edmund
   351 | D:5      | Entered Level 5 of the Dungeon
   354 | D:5      | Noticed a centaur
   356 | D:5      | Noticed an orc warrior
   361 | D:5      | Killed a centaur
   395 | D:5      | HP: 2/45 [poisoned by an adder]
   408 | D:5      | Killed from afar by an orc wizard

Vault maps used:
D:1:      dpeg_arrival_rhombi
D:2:      uniq_jessica
D:3:      lemuel_crystal_altar, minmay_rats_cheesy_pizza
D:4:      kennysheep_mini_moat, uniq_edmund
D:5:      fedhas_altar_3, first_bread, serial_bayou_crossing

Skill      XL: |  1  2  3  4 |
---------------+-------------+-----
Unarmed Combat | 3 4 6 |  6.9
Fighting       | |  3.6
Armour         | |  3.6
Shields        | |  3.6

Action                   |  1- 3 |  4- 6 || total
-------------------------+-------+-------++-------
Melee: Unarmed           |    48 |    31 ||    79
       Headbutt          |     7 |     6 ||    13
  Use: Scroll            |     2 |     1 ||     3
       Potion            |     1 |     3 ||     4
Armor: Scale mail        |     4 |       ||     4
       Ring mail         |    18 |     7 ||    25
Dodge: Dodged            |    15 |    11 ||    26
Block: Shield            |    36 |    16 ||    52

Table legend:
 A = Turns spent in this place as a percentage of turns spent in the entire game.
 B = Non-inter-level travel turns spent in this place as a percentage of non-inter-level travel turns spent in the entire game.
 C = Inter-level travel turns spent in this place as a percentage of turns spent in this place.
 D = Turns resting spent in this place as a percentage of non-inter-level travel turns spent in this place.
 E = Turns spent auto-exploring this place as a percentage of non-inter-level travel turns spent in this place.
 F = Non-inter-level travel turns spent in this place divided by the number of levels of this place that you've seen.
                   A       B       C       D       E      F
               +-------+-------+-------+-------+-------+----------------------
         Total | 100.0 | 100.0 |   0.0 |   0.0 |   0.0 |  86.6
       Dungeon | 100.0 | 100.0 |   0.0 |   0.0 |   0.0 |  86.6
               +-------+-------+-------+-------+-------+----------------------

Table legend:
 A = Kills in this place as a percentage of kills in entire the game.
 B = Kills by you in this place as a percentage of kills by you in the entire game.
 C = Kills by friends in this place as a percentage of kills by friends in the entire game.
 D = Other kills in this place as a percentage of other kills in the entire game.
 E = Experience gained in this place as a percentage of experience gained in the entire game.
 F = Experience gained in this place divided by the number of levels of this place that you have seen.
                   A       B       C       D       E      F
               +-------+-------+-------+-------+-------+----------------------
         Total | 100.0 | 100.0 |  -nan |  -nan | 100.0 |  74.2
       Dungeon | 100.0 | 100.0 |  -nan |  -nan | 100.0 |  74.2
               +-------+-------+-------+-------+-------+----------------------
